 Dungeon Crawl Stone Soup version 0.30-a0-354-g6b83867211 (webtiles) character file.

Game seed: 866450441298224753

222894 hikkokomori the Marksfrog (level 19, -7/134 HPs)
             Began as a Barachi Hunter on Nov 7, 2022.
             Was the Champion of Hepliaklqana.
             Killed from afar by a deep elf zephyrmancer (20 damage)
             ... with a bolt of lightning
             ... on level 2 of the Elven Halls on Nov 8, 2022.
             The game lasted 03:15:18 (41268 turns).

hikkokomori the Marksfrog (Barachi Hunter)         Turns: 41268, Time: 03:15:19

Health: -7/134     AC:  9    Str: 11    XL:     19   Next: 25%
Magic:  12/25      EV: 21    Int:  9    God:    Hepliaklqana [******]
Gold:   1777       SH:  5    Dex: 29    Spells: 6/40 levels left

rFire   + . .      SeeInvis +    K - +3 triple crossbow (freeze)
rCold   + + +      Faith    .    (shield currently unavailable)
rNeg    . . .      Spirit   .    b - +2 robe {Archmagi}
rPois   +          Reflect  +    f - +0 hat "Menofik" {Harm rF+ rCorr SInv}
rElec   .          Harm     +    s - +1 cloak of the Robin {*Slow rC+++ MP-9 Stlth+}
rCorr   +          Rampage  .    E - +2 pair of gloves {Stlth+}
Will    ++...      Archmagi +    (no boots)
Stlth   +++++++...               j - amulet "Ybro" {Reflect rPois rCorr Str-5 Dex+8 SH+5}
HPRegen 0.42/turn                Q - ring of Iphakkes {Wiz rC+ Stlth+}
MPRegen 0.19/turn                u - ring of willpower

@: death channelling, portalling projectiles, unable to hop, slow
A: reduced essence, amphibious, slowness 1, strong legs 2, +LOS
}: 1/15 runes: decaying
a: Hop, Renounce Religion, Recall Ancestor, Ancestor Identity, Transference,
Idealise


You were on level 2 of the Elven Halls.
You worshipped Hepliaklqana.
Hepliaklqana was exalted by your worship.
You visited 7 branches of the dungeon, and saw 32 of its levels.
You also visited: Bailey, Ice Cave and Desolation.

You collected 4603 gold pieces.
You spent 2826 gold pieces at shops.

Inventory:

Hand Weapons
 B - a +4 vorpal longbow
 K - a +3 triple crossbow of freezing (weapon)
 Y - the +2 Maxwell's thermic engine {flame, freeze}
   (You found it in the Desolation of Salt)

   It burns those it strikes, dealing additional fire damage.
   Big, fiery blades are also staple armaments of hydra-hunters.
   It freezes those it strikes, dealing additional cold damage.
   It can also slow down cold-blooded creatures.
   It becomes more effective when it hits something.
   This effect fades over time.
Missiles
 y - 5 throwing nets
Armour
 b - a +2 robe of the Archmagi (worn)
 f - the +0 hat "Menofik" (worn) {Harm rF+ rCorr SInv}
   (You found it in an ice cave)

   rF:        It protects you from fire.
   SInv:      It lets you see invisible.
   rCorr:     It protects you from acid and corrosion.
   Harm:      It increases damage dealt and taken.
 s - the +1 cloak of the Robin (worn) {*Slow rC+++ MP-9 Stlth+}
   (You bought it in a shop on level 2 of the Orcish Mines)

   rC:        It renders you almost immune to cold.
   MP:        It affects your magic capacity (-9).
   *Slow:     It may slow you when you take damage.
   Stlth:     It makes you more stealthy.
 C - a +2 leather armour of resistance
 E - a +2 pair of gloves of stealth (worn)
Magical Staves
 c - a staff of death
Jewellery
 d - a ring of protection from fire
 e - the ring "Qeostrasu" {Fire rPois SInv}
   (You took it off a servant of whispers in the Desolation of Salt)

   [ring of fire]

   It enhances your fire magic.
   rF:        It protects you from fire.
   rC:        It makes you vulnerable to cold.
   rPois:     It protects you from poison.
   SInv:      It lets you see invisible.
 j - the amulet "Ybro" (around neck) {Reflect rPois rCorr Str-5 Dex+8 SH+5}
   (You bought it in a shop on level 1 of the Dungeon)

   [amulet of reflection]

   It reflects blocked missile attacks.
   Str:       It affects your strength (-5).
   Dex:       It affects your dexterity (+8).
   rPois:     It protects you from poison.
   rCorr:     It protects you from acid and corrosion.
   SH:        It affects your SH (+5).
 l - a +4 ring of protection
 u - a ring of willpower (right hand)
 v - the ring "Xub Deb" {Ice Dex+6}
   (You found it in the Desolation of Salt)

   [ring of ice]

   It enhances your ice magic.
   Dex:       It affects your dexterity (+6).
   rF:        It makes you vulnerable to fire.
   rC:        It protects you from cold.
 F - the ring "Purothru" {rC+ rCorr Str+3 Dex+6}
   (You found it in the Desolation of Salt)

   [ring of dexterity]

   Str:       It affects your strength (+3).
   Dex:       It affects your dexterity (+6).
   rC:        It protects you from cold.
   rCorr:     It protects you from acid and corrosion.
 L - a ring of willpower
 Q - the ring of Iphakkes (left hand) {Wiz rC+ Stlth+}
   (You found it in the Desolation of Salt)

   [ring of wizardry]

   It improves your spell success rate.
   rC:        It protects you from cold.
   Stlth:     It makes you more stealthy.
 V - the ring of Naorr {rC+ Int+4}
   (You found it in the Desolation of Salt)

   [ring of protection from cold]

   Int:       It affects your intelligence (+4).
   rC:        It protects you from cold.
Wands
 A - a wand of roots (15)
 G - a wand of polymorph (13)
 R - a wand of mindburst (24)
 S - a wand of paralysis (22)
 W - a wand of digging (12)
 Z - a wand of quicksilver (37)
Scrolls
 k - 3 scrolls of magic mapping
 m - 5 scrolls of poison
 n - a scroll of summoning
 o - 7 scrolls of butterflies
 t - 2 scrolls of torment
 z - a scroll of blinking
 D - 3 scrolls of amnesia
 J - 3 scrolls of fear
 N - 14 scrolls of teleportation
 T - 6 scrolls of immolation
Potions
 g - 3 potions of magic
 h - 5 potions of flight
 i - 5 potions of berserk rage
 p - 2 potions of haste
 q - 3 potions of brilliance
 r - 5 potions of might
 w - 4 potions of cancellation
 x - 8 potions of lignification
 H - 13 potions of curing
 I - 5 potions of mutation
 M - a potion of invisibility
 O - 2 potions of ambrosia
 U - 3 potions of resistance
Miscellaneous
 a - a tin of tremorstones (2/2)
 X - a phial of floods


   Skills:
 + Level 13.1 Fighting
 + Level 19.1 Ranged Weapons
 - Level 9.0 Dodging
 - Level 5.8 Stealth
 - Level 11.4 Spellcasting
 - Level 10.1 Hexes
 + Level 9.8 Summonings
 + Level 11.6 Necromancy
 - Level 7.0 Translocations
 - Level 4.5 Transmutations
 - Level 5.5 Fire Magic
 + Level 3.0 Air Magic
 - Level 7.8 Earth Magic
 - Level 7.0 Invocations
 - Level 4.9 Evocations


You had 6 spell levels left.
You knew the following spells:

 Your Spells              Type           Power      Damage    Failure   Level
a - Passwall              Tmut/Erth      20%        N/A       1%          2
b - Wereblood             Tmut           19%        N/A       1%          2
c - Portal Projectile     Hex/Tloc       62%        N/A       1%          3
d - Borgnjor's Vile Clut  Necr/Erth      17%        N/A       2%          5
e - Inner Flame           Hex/Fire       28%        N/A       1%          3
f - Summon Cactus Giant   Summ           17%        N/A       14%         6
g - Swiftness             Air            15%        N/A       4%          3
h - Cause Fear            Hex            17%        N/A       1%          4
i - Death Channel         Necr           19%        N/A       7%          6

Your spell library contained the following spells:

 Spells                   Type           Power      Damage    Failure   Level
 Call Imp                 Summ           34%        N/A       1%          2
 Ensorcelled Hibernation  Hex/Ice        42%        N/A       1%          2
 Scorch                   Fire           44%        2d7       1%          2
 Sublimation of Blood     Necr           39%        N/A       1%          2
 Dazzling Flash           Conj/Hex       42%        N/A       1%          3
 Kindle Blastsparks       Fire/Tloc/Air  42%        2d13      1%          3
 Tukima's Dance           Hex            35%        N/A       1%          3
 Animate Dead             Necr           39%        N/A       1%          4
 Agony                    Necr           39%        N/A       1%          5
 Manifold Assault         Tloc           26%        N/A       2%          4
 Static Discharge         Conj/Air       22%        2-3/arc   4%          2
 Petrify                  Tmut/Erth      24%        N/A       4%          4
 Freeze                   Ice            28%        1d5       5%          1
 Magic Dart               Conj           28%        1d4       5%          1
 Silence                  Hex/Air        12%        N/A       10%         5
 Mephitic Cloud           Conj/Pois/Air  10%        N/A       11%         3
 Frozen Ramparts          Ice            14%        1d3       16%         3
 Hailstorm                Conj/Ice       7%         3d4       16%         3
 Ozocubu's Armour         Ice            7%         N/A       16%         3
 Flame Wave               Conj/Fire      15%        2d7       16%         4
 Sticky Flame             Conj/Fire      15%        2d4       16%         4
 Metabolic Englaciation   Hex/Ice        10%        N/A       17%         5
 Blade Hands              Tmut           9%         N/A       22%         5
 Dispersal                Tloc           13%        N/A       38%         6
 Fireball                 Conj/Fire      7%         3d5       41%         5
 Olgreb's Toxic Radiance  Pois           7%         N/A       43%         4
 Irradiate                Conj/Tmut      6%         3d13      45%         5
 Simulacrum               Ice/Necr       11%        N/A       54%         6
 Lightning Bolt           Conj/Air       5%         1d17      56%         5
 Starburst                Conj/Fire      7%         6d4       91%         6
 Summon Hydra             Summ           17%        N/A       56%         7
 Malign Gateway           Summ/Tloc      15%        N/A       77%         7
 Discord                  Hex            17%        N/A       99%         8
 Summon Horrible Things   Summ           17%        N/A       99%         8
 Ozocubu's Refrigeration  Ice            3%         4d8       100%        7
 Disjunction              Tloc           13%        N/A       100%        8
 Ignition                 Fire           11%        3d5       100%        8
 Chain Lightning          Conj/Air       5%         3d7       100%        9


Dungeon Overview and Level Annotations

Branches:
Dungeon (15/15)            Temple (1/1) D:4            Lair (5/5) D:8
  Swamp (4/4) Lair:3        Snake (3/4) Lair:3        Slime (0/5) Lair:5
    Orc (2/2) D:10            Elf (2/3) Orc:2        Depths (0/4) D:15
 Bailey (visited)           IceCv (visited)         Desolation (visited)
 Vaults: D:13-14

Altars:
Ashenzari
Cheibriados
Dithmenos
Elyvilon
Fedhas
Gozag
Hepliaklqana
Kikubaaqudgha
Makhleb
Nemelex Xobeh
Okawaru
Qazlal
Ru
Sif Muna
Trog
Uskayaw
Vehumet
Wu Jian
Xom
Yredelemnul
Zin
The Shining One
Jiyva

Shops:
D:1 *=!(   D:4 :   Orc:1 [   Orc:2 =[*[   Elf:1 =   Snake:1 !*!

Annotations:
D:3 1 runed translucent door, Crazy Yiuf
D:6 1 runed translucent door, p00ps00p's ghost, novice HOFi
D:9 1 transporter
D:15 3 runed translucent doors, Jais Joink's ghost, adept FoFi
Lair:2 2 transporters, Urug
Snake:3 Vashnia


Innate Abilities, Weirdness & Mutations

Your life essence is reduced to manifest your ancestor. (-10% HP)
You are amphibious.
You cover ground slowly.
You can hop long distances.
You have an extended range of vision and can be seen from far away.


Message History

The bolt hits the deep elf zephyrmancer!!
The bolt freezes the deep elf zephyrmancer!
You kill the deep elf zephyrmancer!
Septima barely misses the +0 falchion.
Your Air Magic skill increases to level 3!
Fire: K) +3 triple crossbow (freeze)
Press: ? - help, Shift-Dir - straight line, f - +0 falchion
Aim: a +0 falchion (ally target, 59% to hit)
You magically shoot a bolt.
The bolt barely misses the +0 falchion.
Septima barely misses the +0 falchion.
A deep elf zephyrmancer comes into view.
It is wielding a +0 long sword. x2
The deep elf zephyrmancer points at you and mumbles some strange words.
The bolt of lightning hits you!!
You hear a shout! x2
Unknown command.
Fire: K) +3 triple crossbow (freeze)
Press: ? - help, Shift-Dir - straight line, f - deep elf zephyrmancer, p - +0 falchion
Aim: a deep elf zephyrmancer, wielding a +0 long sword and wearing a +0 ring mail (74% to hit)
You magically shoot a bolt.
The bolt hits the deep elf zephyrmancer.
The bolt freezes the deep elf zephyrmancer.
The deep elf zephyrmancer is lightly wounded.
The deep elf zephyrmancer gestures at you while chanting.
The bolt of lightning hits you!!
* * * LOW HITPOINT WARNING * * *
The +0 falchion hits you.
* * * LOW HITPOINT WARNING * * *
The deep elf zephyrmancer points at you and mumbles some strange words.
The bolt of lightning hits you!!
* * * LOW HITPOINT WARNING * * *
You hear a shout!
Unknown command.
Hop to where?
Press: ? - help, Dir - move target, p - deep elf zephyrmancer Boing!
You feel much better. The +0 falchion hits you!
* * * LOW HITPOINT WARNING * * *
The deep elf zephyrmancer casts a spell at you.
The bolt of lightning hits you!
You die...

...............$..e.........
...................$.e....).
..................!.....#.Z
..........).............Z#..
........................#...
.........................)).
................[...........
...)..............○.........
................@(R.....#...
..............<.........#
#########################


You could see the friendly Septima the knight (fast, reflecting), 2 deep elf
zephyrmancers, a +0 falchion (ally target) and a friendly spectral deep elf
zephyrmancer.

Vanquished Creatures
  Rupert (Lair:5)
  Donald (Swamp:4)
  2 thorn hunters
  A fire giant (D:14)
  A nagaraja (Snake:2)
  An imperial myrmidon (Desolation)
  An orc warlord (D:14)
  2 very ugly things (Swamp:4)
  4 eleionomae
  A deep elf demonologist (Elf:1)
  6 bunyips
  4 halazid warlocks (Desolation)
  Snorg (D:10)
  A crystal guardian (Desolation)
  2 green deaths (Swamp:4)
  2 ettins
  2 great orbs of eyes (Swamp:4)
  A fire dragon (D:14)
  3 ragged hierophants (Desolation)
  2 rakshasas
  Harold (Lair:1)
  10 peacekeepers (Desolation)
  8 servants of whispers
  A hell beast (Swamp:4)
  A catoblepas (Lair:1)
  10 hydras
  2 anacondas (Snake:2)
  A ghost crab (Swamp:4)
  Erica (D:11)
  6 dancing weapons
  6 centaur warriors
  4 boulder beetles
  8 alligators
  5 death yaks
  4 tengu warriors
  2 two-headed ogres
  2 thrashing horrors (Swamp:4)
  3 naga sharpshooters
  5 naga warriors
  6 deep elf knights (Elf:1)
  Amaemon (D:11)
  8 skeletal warriors
  A salamander mystic (Snake:2)
  7 swamp dragons
  4 goliath frogs
  2 spriggan druids
  6 bog bodies
  A wizard (D:14)
  2 deep trolls (D:15)
  A naga ritualist (Snake:2)
  3 orc knights
  11 deep elf zephyrmancers
  15 deep elf pyromancers
  A necromancer (D:15)
  A deep elf archer (Elf:1)
  7 mana vipers
  An ironbound convoker (Desolation)
  6 will-o-the-wisps
  A harpy (D:14)
  20 ugly things
  8 cyclopes
  3 manticores
  An orc sorcerer (Orc:1)
  5 salamanders
  2 elephants (Lair:5)
  A salamander (shapeshifter) (D:14)
  5 naga magi
  15 black mambas
  A guardian serpent (Desolation)
  A guardian serpent (shapeshifter) (D:14)
  An ice statue (IceCv)
  2 gargoyles
  26 cane toads
  A rime drake (Orc:2)
  6 orange demons
  Psyche (D:8)
  2 freezing wraiths
  An unseen horror (D:10)
  A kobold demonologist (D:12)
  6 komodo dragons
  An ice devil (IceCv)
  A hellwing (D:10)
  4 tengu conjurers
  2 unseen horror zombies (D:10)
  A meliai (shapeshifter) (D:15)
  A meliai (D:14)
  40 saltlings
  A polar bear (Lair:5)
  7 trolls
  10 hornets
  6 tyrant leeches
  2 dream sheep (Lair:5)
  13 blink frogs
  10 slime creatures
  2 shadows
  A dire elephant simulacrum (IceCv)
  13 spriggans
  A vampire (D:12)
  21 yaks
  2 fire elementals (Elf:1)
  A water elemental (Elf:1)
  3 wraiths
  2 wyverns
  A death yak simulacrum (IceCv)
  14 vampire mosquitoes
  2 basilisks
  2 steam dragons
  A harpy simulacrum (IceCv)
  10 swamp worms
  4 wargs
  8 water moccasins
  16 nagas
  An acid dragon (D:9)
  A black bear (Lair:4)
  3 swamp drakes
  29 orc warriors
  An ice beast (D:5)
  A sky beast (D:7)
  6 wolves
  6 ogres
  12 centaurs
  2 necrophages
  2 gnoll sergeants
  6 two-headed ogre simulacra (IceCv)
  13 bullfrogs
  2 scorpions (D:5)
  3 cane toad simulacra (IceCv)
  9 wights
  4 killer bees (D:9)
  3 electric eels
  An elephant simulacrum (IceCv)
  A howler monkey (D:12)
  A lava snake (Lair:5)
  A human zombie (D:10)
  A jelly (shapeshifter) (D:14)
  3 jellies
  15 orc priests
  A gnoll bouda (D:6)
  8 hounds
  Ijyb (D:2)
  8 iguanas
  24 orc wizards
  4 spriggan simulacra (IceCv)
  3 hell rats (Lair:1)
  9 troll simulacra (IceCv)
  A polar bear simulacrum (IceCv)
  A wolf simulacrum (IceCv)
  3 hound skeletons (D:3)
  A howler monkey zombie (D:10)
  A mummy (D:10)
  15 gnolls
  3 naga simulacra (IceCv)
  12 adders
  A shadow imp (D:6)
  6 white imps
  5 ufetubi
  An adder zombie (D:3)
  A worm (D:2)
  4 dart slugs
  72 orcs
  11 bats
  18 endoplasms
  2 giant cockroaches (D:1)
  12 goblins
  9 hobgoblins
  9 jackals
  17 kobolds
  4 quokkas
  4 ball pythons
  3 frilled lizards
  A quokka zombie (D:3)
  2 rats
  A butterfly (Lair:2)
921 creatures vanquished.

Vanquished Creatures (collateral kills)
  A halazid warlock (Desolation)
  A bunyip (Swamp:2)
  3 ragged hierophants (Desolation)
  4 hydras
  A servant of whispers (Desolation)
  2 peacekeepers (Desolation)
  2 centaur warriors (D:14)
  A dancing weapon (Elf:1)
  2 boulder beetles
  3 two-headed ogres
  3 alligators
  2 death yaks
  3 naga sharpshooters
  2 deep elf knights (Elf:1)
  A goliath frog (Lair:5)
  A deep troll (D:15)
  A naga ritualist (Snake:2)
  2 swamp dragons
  A deep elf archer (Elf:1)
  3 deep elf zephyrmancers (Elf:1)
  2 ugly things
  3 mana vipers
  A salamander (shapeshifter) (D:15)
  2 deep elf pyromancers (Elf:1)
  An orc sorcerer (Orc:1)
  A cyclops (D:14)
  A manticore (D:14)
  2 centaur zombies (D:10)
  2 elephants (Lair:5)
  2 naga magi (Snake:1)
  A rime drake (Orc:2)
  2 komodo dragons (Lair:5)
  An efreet (D:14)
  A freezing wraith (D:14)
  A hellwing (D:10)
  4 trolls
  2 tyrant leeches
  18 saltlings (Desolation)
  2 blink frogs (Lair:5)
  4 slime creatures
  2 dream sheep (Lair:5)
  2 spriggans
  3 wyverns
  A wraith (D:12)
  8 yaks
  3 steam dragons (D:8)
  4 vampire mosquitoes
  A warg (Orc:1)
  2 nagas
  4 swamp worms
  2 water moccasins
  7 orc warriors
  4 wolves
  A centaur (D:7)
  A kobold brigand (D:11)
  A necrophage (D:10)
  4 bullfrogs
  A scorpion (D:6)
  2 two-headed ogre simulacra (IceCv)
  2 cane toad simulacra (IceCv)
  4 wights
  2 howler monkeys (D:8)
  An orc priest (D:6)
  5 orc wizards
  A spriggan simulacrum (IceCv)
  2 hell rats (Lair:1)
  2 polar bear simulacra (IceCv)
  A gnoll (D:10)
  A naga simulacrum (IceCv)
  An ufetubus (IceCv)
  9 orcs
176 creatures vanquished.

Vanquished Creatures (others)
  A bloated husk (Swamp:3)
  A vampire mosquito (Swamp:3)
  20 knights
  2 ancestors (D:6)
  2 orcs
  26 foxfires
  26 fungi
  134 plants
  6 toadstools (D:3)
218 creatures vanquished.

Grand Total: 1315 creatures vanquished

Notes
Turn   | Place    | Note
-------+----------+-------------------------------------------
     0 | D:1      | hikkokomori the Barachi Hunter began the quest for the Orb.
     0 | D:1      | Reached XP level 1. HP: 17/17 MP: 1/1
    56 | D:1      | Found Hoemmies's Jewellery Boutique.
   204 | D:1      | Reached XP level 2. HP: 23/23 MP: 2/2
   296 | D:1      | Found Sutef's Distillery.
   414 | D:1      | Found Ijoirac's General Store.
   478 | D:1      | Reached XP level 3. HP: 28/28 MP: 3/3
   509 | D:1      | Found Semojym's Weapon Shop.
   516 | D:1      | Reached skill level 5 in Ranged Weapons
   878 | D:2      | Reached XP level 4. HP: 34/34 MP: 4/4
  1304 | D:2      | Learned a level 2 spell: Passwall
  1736 | D:3      | Reached skill level 1 in Earth Magic
  1773 | D:3      | Reached skill level 6 in Ranged Weapons
  1773 | D:3      | Reached XP level 5. HP: 39/39 MP: 5/5
  1860 | D:3      | Identified the +4 whip of Ragnarok {drain, rC++ rN+}
  1915 | D:3      | Noticed Ijyb
  1931 | D:2      | Killed Ijyb
  2200 | D:3      | Found a runed translucent door.
  2201 | D:3      | Noticed Crazy Yiuf
  2360 | D:3      | Reached XP level 6. HP: 46/46 MP: 6/6
  2874 | D:4      | Reached skill level 1 in Transmutations
  3300 | D:4      | Found an opulent altar of Gozag.
  3410 | D:4      | Found a blossoming altar of Fedhas.
  3453 | D:4      | Found a staircase to the Ecumenical Temple.
  3455 | D:4      | Found a shimmering blue altar of Sif Muna.
  3509 | D:4      | Reached XP level 7. HP: 27/52 MP: 7/7
  3605 | D:4      | Found Pehumoess's Book Boutique.
  3631 | Temple   | Entered the Ecumenical Temple
  3642 | Temple   | Became a worshipper of Hepliaklqana the Forgotten
  3923 | D:5      | Entered Level 5 of the Dungeon
  4233 | D:5      | Reached skill level 7 in Ranged Weapons
  4403 | D:5      | Reached skill level 1 in Spellcasting
  4509 | D:5      | Found an ornate altar of the Wu Jian Council.
  4963 | D:5      | Found a shimmering altar of Xom.
  5025 | D:5      | HP: 2/55 [poisoned by a water moccasin]
  5037 | D:6      | Reached XP level 8. HP: 6/61 MP: 10/10
  5288 | D:6      | Reached skill level 5 in Fighting
  5617 | D:6      | Reached * piety under Hepliaklqana
  6018 | D:6      | Reached skill level 8 in Ranged Weapons
  6237 | D:6      | Found a runed translucent door.
  6237 | D:6      | Noticed p00ps00p's ghost (novice HOFi)
  6690 | D:6      | Identified 2 scrolls of acquirement
  6691 | D:6      | Acquired 830 gold pieces
  6693 | D:6      | Acquired 998 gold pieces
  6807 | D:1      | Bought a ring of see invisible for 195 gold pieces
  6807 | D:1      | Bought the amulet "Ybro" {Reflect rPois rCorr Str-5 Dex+8
                  | SH+5} for 690 gold pieces
  6822 | D:1      | Learned a level 2 spell: Wereblood
  7195 | D:5      | Reached XP level 9. HP: 63/63 MP: 15/15
  7196 | D:5      | Found an iron altar of Okawaru.
  7734 | D:7      | Noticed a hornet
  7746 | D:7      | Killed a hornet
  7844 | D:7      | Reached skill level 5 in Spellcasting
  7852 | D:7      | Noticed a red ugly thing
  7980 | D:4      | Bought a book of Unlife for 360 gold pieces
  7980 | D:4      | Bought a book of Weapons for 280 gold pieces
  7984 | D:4      | Learned a level 3 spell: Portal Projectile
  7990 | D:4      | Learned a level 5 spell: Borgnjor's Vile Clutch
  8085 | D:7      | Reached skill level 9 in Ranged Weapons
  8092 | D:7      | Learned a level 3 spell: Inner Flame
  8100 | D:7      | Reached skill level 1 in Hexes
  8100 | D:7      | Reached skill level 1 in Translocations
  8374 | D:7      | Reached ** piety under Hepliaklqana
  8375 | D:7      | Remembered your ancestor Septima as a knight
  8781 | D:8      | Reached XP level 10. HP: 72/72 MP: 17/17
  8862 | D:8      | Noticed a death yak
  8876 | D:8      | Noticed a death yak
  8877 | D:8      | Noticed Psyche
  8880 | D:8      | Noticed a death yak
  9077 | D:1      | Bought a potion of magic for 96 gold pieces
  9077 | D:1      | Bought a scroll of identify for 24 gold pieces
  9077 | D:1      | Bought a ring of willpower for 300 gold pieces
  9077 | D:1      | Bought a potion of curing for 36 gold pieces
  9112 | D:1      | Bought a potion of invisibility for 96 gold pieces
  9112 | D:1      | Bought a potion of cancellation for 96 gold pieces
  9250 | D:7      | Killed a death yak
  9251 | D:7      | Reached skill level 10 in Ranged Weapons
  9281 | D:8      | Killed Psyche
  9284 | D:8      | Noticed a death yak
  9298 | D:8      | Killed a death yak
  9298 | D:8      | Noticed a death yak
  9302 | D:8      | Noticed a death yak
  9305 | D:8      | Noticed a death yak
  9665 | D:8      | Found a staircase to the Lair.
 10040 | D:9      | Reached *** piety under Hepliaklqana
 10046 | D:9      | Identified the +1 pair of gloves of Impatience {Rampage
                  | rCorr Str+4 Dex-5}
 10139 | D:9      | Found a sparkling altar of Nemelex Xobeh.
 10139 | D:9      | Found a transporter.
 10139 | D:9      | Noticed a deep elf knight
 10140 | D:9      | Noticed a manticore
 10170 | D:9      | Reached skill level 11 in Ranged Weapons
 10177 | D:9      | Reached XP level 11. HP: 80/80 MP: 18/18
 10349 | D:9      | Reached skill level 5 in Translocations
 10351 | D:9      | Reached skill level 5 in Hexes
 10455 | D:9      | Found a sacrificial altar of Ru.
 11093 | D:8      | Killed a death yak
 11136 | D:9      | Killed a death yak
 11192 | D:9      | Killed a death yak
 11193 | D:9      | Reached skill level 10 in Fighting
 11193 | D:9      | Reached skill level 1 in Necromancy
 11348 | Lair:1   | Entered Level 1 of the Lair of Beasts
 11734 | Lair:1   | Reached **** piety under Hepliaklqana
 11759 | Lair:1   | Noticed a catoblepas
 11762 | Lair:1   | Reached skill level 12 in Ranged Weapons
 11766 | Lair:1   | Killed a catoblepas
 11870 | Lair:1   | You fall into a shaft and drop 1 floor!
 11907 | Lair:2   | Found a transporter.
 12191 | Lair:1   | Noticed Harold
 12198 | Lair:1   | Killed Harold
 12245 | Lair:1   | Reached XP level 12. HP: 89/89 MP: 12/19
 13618 | Lair:2   | Noticed Urug
 13619 | Lair:2   | Found a transporter.
 13619 | Lair:2   | Noticed a boulder beetle
 13619 | Lair:2   | Noticed a boulder beetle
 13787 | Lair:3   | Reached skill level 13 in Ranged Weapons
 13822 | Lair:3   | Found a staircase to the Snake Pit.
 14198 | Lair:3   | Found a staircase to the Swamp.
 14790 | Lair:4   | Noticed a six-headed hydra
 14798 | Lair:4   | Killed a six-headed hydra
 14812 | Lair:4   | Reached skill level 1 in Invocations
 15085 | Lair:4   | Reached ***** piety under Hepliaklqana
 15876 | Lair:5   | Entered Level 5 of the Lair of Beasts
 16000 | Lair:5   | Noticed Rupert
 16019 | Lair:5   | Killed Rupert
 16020 | Lair:5   | Reached skill level 5 in Necromancy
 16020 | Lair:5   | Gained mutation: You can hop long distances. [Barachi
                  | growth]
 16020 | Lair:5   | Reached XP level 13. HP: 75/96 MP: 2/20
 16027 | Lair:5   | Reached skill level 14 in Ranged Weapons
 17247 | Lair:5   | Found a staircase to the Slime Pits.
 17247 | Lair:5   | Found a viscous altar of Jiyva.
 17316 | Lair:5   | Identified the +6 flail "Mylong" {freeze, rC+ Will+ rCorr}
 18043 | D:9      | Reached skill level 15 in Ranged Weapons
 18515 | D:8      | Found a white marble altar of Elyvilon.
 18580 | D:8      | Found a broken altar of Ashenzari.
 18722 | D:10     | Entered Level 10 of the Dungeon
 18744 | D:10     | Found a staircase to the Orcish Mines.
 18761 | D:10     | Reached XP level 14. HP: 104/104 MP: 4/22
 18850 | D:10     | Found a flagged portal.
 18877 | Bailey   | Entered a bailey
 19626 | D:10     | Reached skill level 5 in Earth Magic
 19626 | D:10     | Reached skill level 5 in Invocations
 19672 | D:10     | Noticed Snorg
 19683 | D:10     | Killed Snorg
 19803 | D:10     | Found an ancient bone altar of Kikubaaqudgha.
 19904 | D:10     | Found a basalt altar of Yredelemnul.
 19939 | D:10     | Found a glowing silver altar of Zin.
 19939 | D:10     | Noticed an angel
 20011 | D:10     | Found a glowing golden altar of the Shining One.
 20446 | D:11     | Noticed Amaemon
 20446 | D:11     | Noticed Erica
 20453 | D:11     | Killed Erica
 20459 | D:11     | Killed Amaemon
 21667 | D:12     | Reached ****** piety under Hepliaklqana
 22261 | Orc:1    | Entered Level 1 of the Orcish Mines
 22261 | Orc:1    | Found Vuxzit's Armour Shoppe.
 22474 | Orc:1    | Reached skill level 16 in Ranged Weapons
 23110 | Orc:2    | Entered Level 2 of the Orcish Mines
 23300 | Orc:2    | HP: 1/104 [orc warrior/bolt (18)]
 23438 | Orc:2    | Found a staircase to the Elven Halls.
 23460 | Orc:2    | Reached XP level 15. HP: 72/109 MP: 15/25
 23500 | Orc:2    | Found a frozen archway.
 23611 | IceCv    | Entered an ice cave
 23709 | IceCv    | Upgraded the game from 0.30-a0-347-gf58ed5266c to
                  | 0.30-a0-354-g6b83867211
 24661 | IceCv    | Identified the +0 hat "Menofik" {Harm rF+ rCorr SInv}
 25999 | IceCv    | Reached skill level 1 in Fire Magic
 26465 | IceCv    | Identified the +3 long sword "Ulaobrisch" {venom, rC+
                  | Int+7}
 26842 | Orc:2    | Found Hilluok's Antique Armour Shoppe.
 26842 | Orc:2    | Found Nosi's General Store.
 26842 | Orc:2    | Found Faeph's Armour Shop.
 26846 | Orc:2    | Found Uppixi Viss's Jewellery Emporium.
 26857 | Orc:2    | Bought the +1 cloak of the Robin {*Slow rC+++ MP-9 Stlth+}
                  | for 417 gold pieces
 26933 | Orc:2    | Bought a +0 pair of gloves of stealth for 161 gold pieces
 27396 | Snake:1  | Entered Level 1 of the Snake Pit
 27576 | Snake:1  | Found Itog's Distillery.
 27578 | Snake:1  | Found Jozxeps's Assorted Antiques.
 27580 | Snake:1  | Found Xutavenn's Distillery.
 27585 | Snake:1  | Bought a potion of heal wounds for 75 gold pieces
 28548 | Snake:2  | Noticed a nagaraja
 28553 | Snake:2  | Killed a nagaraja
 28646 | Snake:2  | Reached skill level 5 in Fire Magic
 29541 | D:13     | Reached skill level 1 in Stealth
 30168 | D:14     | Reached XP level 16. HP: 116/116 MP: 15/29
 30612 | D:14     | Reached skill level 17 in Ranged Weapons
 31059 | D:14     | Identified the +1 scale mail of Greater Demons {rC+ Int+7}
 31670 | D:14     | Found a broken altar of Ashenzari.
 31854 | D:14     | Identified the +2 leather armour of Cheibriados's Regard
                  | {Contam MP+9 Str+9}
 31969 | D:15     | Entered Level 15 of the Dungeon
 31980 | D:15     | Reached skill level 10 in Necromancy
 32027 | D:15     | Reached skill level 10 in Spellcasting
 32238 | D:15     | Found a runed translucent gate.
 32240 | D:15     | Found a runed translucent gate.
 32240 | D:15     | Noticed Jais Joink's ghost (adept FoFi)
 32241 | D:15     | Found a runed translucent gate.
 32432 | D:15     | Reached skill level 5 in Stealth
 32704 | D:15     | Reached skill level 10 in Hexes
 32812 | D:15     | Found a staircase to the Depths.
 33171 | Swamp:1  | Entered Level 1 of the Swamp
 33181 | Swamp:1  | Reached XP level 17. HP: 121/121 MP: 22/31
 33666 | Snake:3  | Noticed Vashnia
 33991 | Swamp:1  | Learned a level 6 spell: Summon Cactus Giant
 34275 | Swamp:1  | Reached skill level 1 in Summonings
 36007 | Swamp:3  | Reached skill level 5 in Dodging
 36304 | Swamp:4  | Entered Level 4 of the Swamp
 36314 | Swamp:4  | Reached skill level 18 in Ranged Weapons
 36391 | Swamp:4  | Noticed Donald
 36397 | Swamp:4  | Killed Donald
 36409 | Swamp:4  | Reached skill level 5 in Summonings
 36700 | Swamp:4  | Found a radiant altar of Vehumet.
 36759 | Swamp:4  | Reached skill level 1 in Evocations
 37053 | Swamp:4  | Reached XP level 18. HP: 113/127 MP: 16/32
 37324 | Swamp:4  | Got a decaying rune of Zot
 37695 | Elf:1    | Entered Level 1 of the Elven Halls
 37712 | Elf:1    | Found a radiant altar of Vehumet.
 37947 | Elf:1    | Found a crumbling gateway.
 37953 | Desolati | Entered the Desolation of Salt
 39324 | Desolati | Identified the ring "Qeostrasu" {Fire rPois SInv}
 39572 | Desolati | Identified the ring "Purothru" {rC+ rCorr Str+3 Dex+6}
 39580 | Desolati | Identified the ring of Naorr {rC+ Int+4}
 39589 | Desolati | Found the +2 Maxwell's thermic engine {flame, freeze}
 39592 | Desolati | Got Xickasev's Incunable of Embers and Envenoming
 39599 | Desolati | Learned a level 3 spell: Swiftness
 39685 | Desolati | Reached skill level 19 in Ranged Weapons
 39935 | Desolati | Identified the ring "Xub Deb" {Ice Dex+6}
 39941 | Desolati | Got Vehumet's Anthology of Confrontation
 39993 | Desolati | Identified the ring of Iphakkes {Wiz rC+ Stlth+}
 40023 | Desolati | Got the Incunable of Attacks
 40036 | Desolati | Learned a level 4 spell: Cause Fear
 40043 | Desolati | Learned a level 6 spell: Death Channel
 40193 | Elf:1    | Reached XP level 19. HP: 120/121 MP: 20/34
 40238 | Elf:1    | Reached skill level 1 in Air Magic
 40578 | Elf:1    | Found Somy's Jewellery Boutique.
 41266 | Elf:2    | HP: 6/134 [deep elf zephyrmancer/bolt of lightning (22)]
 41268 | Elf:2    | Killed from afar by a deep elf zephyrmancer

Illustrated notes

Levels and vault maps discovered:
D:1:      dpeg_arrival_simpleton_c, layout_basic, serial_shops, shop,
          nicolae_shop_hallway_plus, shop, nicolae_shop_bloodbath_and_beyond,
          minmay_misc_feat_doors, minmay_split_cup_small
D:2:      minmay_diamond_boxcup, layout_basic, minivault_5
D:3:      cheibrodos_fertilizer, layout_basic, serial_undead, serial_undead_a,
          serial_undead_e, serial_undead_b, serial_undead_b, grunt_ministairs_2,
          uniq_ijyb, uniq_crazy_yiuf_cottage
D:4:      layout_cave_pools, nicolae_sif_muna_condensation,
          mainiacjoe_overflow_catch_the_wave,
          minmay_temple_entry_statues_fountains, serial_shops, shop,
          minmay_misc_feat_iff, hangedman_feature_mirror
D:5:      layout_gridville, kennysheep_okawaru_gauntlet, xom_teletrap_fun,
          nzn_wu_jian_council_hall, minmay_door_square, cheibrodos_gnoll_hut
D:6:      layout_basic, ebering_ghost_reflecting_pool
D:7:      layout_loops_ring, minmay_misc_feat_rugged, corexii_leaking_fountain,
          lightli_corner_chamber
D:8:      layout_rooms, mainiacjoe_overflow_alcove_4,
          mainiacjoe_overflow_alcove_2, dpeg_lair_monsters,
          hangedman_decor_peaks_small, hangedman_decor_riveting, uniq_psyche
D:9:      layout_irregular_city, nicolae_ru_path_of_blood,
          grunt_nemelex_the_gamble
D:10:     layout_small_grid, zin_angel, mainiacjoe_overflow_cross_hatched,
          yredelemnul_altar_generic, lemuel_mausoleum_altar_kikubaaqudgha,
          david_orc_2, enter_bailey_5, serial_demonic, serial_demonic_c,
          serial_demonic_b, serial_demonic_c, serial_demonic_c, uniq_snorg
D:11:     layout_roguey, uniq_amaemon, uniq_erica
D:12:     layout_gridville
D:13:     layout_basic
D:14:     nzn_winding_woodlands_huge [nzn_winding_woodlands_5x15_concentric,
          nzn_winding_woodlands_5x15_default, nzn_winding_woodlands_5x15_jagged,
          nzn_winding_woodlands_5x15_longhouse,
          nzn_winding_woodlands_5x15_river_crossing,
          nzn_winding_woodlands_5x15_cabin, nzn_winding_woodlands_5x15_twine,
          nzn_winding_woodlands_5x15_sawtooth,
          nzn_winding_woodlands_5x15_split_checker,
          nzn_winding_woodlands_5x15_pockets,
          nzn_winding_woodlands_center_diamonds,
          nzn_winding_woodlands_center_triple_pond,
          nzn_winding_woodlands_15x15_five_gardens], layout_loops_corners,
          david_vaults_4, ashenzari_altar_1
D:15:     hangedman_depths_entry_civil_slaughter, layout_loops_cross,
          biasface_ghost_orc_armoury, minmay_microvault
Temple:   hellmonk_temple_two_chambers
Lair:1:   layout_roguey, serial_bayou_shore_b, uniq_harold
Lair:2:   gammafunk_boulding_lane, layout_loops_ring,
          nicolae_quartered_pool_impasse, lemuel_fruit_fields,
          grunt_megastairs_3, uniq_urug
Lair:3:   layout_misc_corridors, minmay_swamp_entry_reptiles
Lair:4:   layout_gridlike, serial_bayou_lagoon_a, lemuel_fruit_tree
Lair:5:   minmay_lair_end_frog_pond, layout_gridlike, slime_entry_1,
          infiniplex_staircase_pool, uniq_rupert
Swamp:1:  layout_basic_swamp, serial_swamp_ruin, evilmike_swamp_ruin_house_2,
          evilmike_swamp_ruin_rubble_1
Swamp:2:  nicolae_swamp_secret_spriggan_hideout, layout_falls_marsh,
          nicolae_swamp_dense_foliage, hangedman_swamp_blocks, swamp_pool1
Swamp:3:  layout_falls_marsh, hangedman_swamp_cone,
          nicolae_swamp_very_dense_foliage
Swamp:4:  swamp_vile, layout_basic_swamp, swamp_pool3, lemuel_altar_in_water,
          uniq_donald
Snake:1:  nicolae_snake_hallway, layout_gridlike, minmay_shop_star
Snake:2:  layout_misc_corridors
Snake:3:  layout_cave_pods, st_stairs_9, nicolae_integral_box,
          serial_bayou_shore_b, uniq_vashnia
Orc:1:    layout_caves, serial_shops, shop_statue, guppyfry_library_mini
Orc:2:    st_orc_rangers, layout_caves, portal_ice_cave_rime, mines_bat_river
Elf:1:    eino_elf_arrival_altar, layout_geoelf_grid,
          portal_desolation_entry_salt, serial_shops, shop_statue,
          hangedman_elven_crosses_minicolossus
Elf:2:    elven_hall_of_blades_hangedman_original [mumra_blade_entry_bloodbath],
          layout_onion_city, solitary_fountain

Skill      XL: |  1  2  3  4  5  6  7  8  9 10 11 12 13 14 15 16 17 18 19 |
---------------+----------------------------------------------------------+-----
Ranged Weapons | 5 6 7 8 9 11 12 13 15 16 17 18 19 | 19.1
Earth Magic    | 1 2 3 4 6 7 |  7.8
Transmutations | 1 2 3 4 |  4.5
Fighting       | 3 4 6 8 9 10 11 12 13 | 13.1
Spellcasting   | 1 4 5 7 9 10 11 | 11.4
Hexes          | 2 4 5 6 8 10 | 10.1
Translocations | 2 4 6 7 |  7.0
Necromancy     | 3 5 6 7 9 10 11 | 11.6
Invocations    | 2 4 6 7 |  7.0
Fire Magic     | 5 |  5.5
Stealth        | 1 5 |  5.8
Dodging        | 6 9 |  9.0
Summonings     | 6 9 |  9.8
Evocations     | 2 4 |  4.9
Air Magic      | 3 |  3.0

Action                   |  1- 3 |  4- 6 |  7- 9 | 10-12 | 13-15 | 16-18 | 19-21 || total
-------------------------+-------+-------+-------+-------+-------+-------+-------++-------
 Fire: Shortbow          |   101 |   309 |   172 |       |       |       |       ||   582
       Longbow           |       |       |   147 |   420 |   839 |   162 |     8 ||  1576
       Triple crossbow   |       |       |       |       |   149 |   594 |    49 ||   792
Throw: Throwing net      |       |       |     2 |       |       |       |       ||     2
 Cast: Passwall          |       |       |     1 |       |       |       |       ||     1
       Portal Projectile |       |       |       |    35 |    64 |    60 |     6 ||   165
       Inner Flame       |       |       |       |     2 |    10 |     6 |       ||    18
       Wereblood         |       |       |       |     2 |       |     1 |       ||     3
       Borgnjor's Vile C |       |       |       |       |       |     6 |       ||     6
       Swiftness         |       |       |       |       |       |     1 |       ||     1
       Death Channel     |       |       |       |       |       |       |     5 ||     5
Invok: Recall Ancestor   |       |       |     1 |     3 |     3 |     6 |       ||    13
       Ancestor Identity |       |       |     1 |       |       |       |       ||     1
       Ancestor Life: Kn |       |       |     1 |       |       |       |       ||     1
       Idealise          |       |       |       |       |       |     1 |       ||     1
       Transference      |       |       |       |       |       |     1 |       ||     1
 Abil: Hop               |     1 |     6 |     9 |    15 |     9 |    16 |     1 ||    57
Evoke: Wand              |       |       |     3 |     5 |     8 |       |       ||    16
       Tin of tremorston |       |       |       |       |     3 |     1 |       ||     4
       Phial of floods   |       |       |       |       |       |     1 |       ||     1
  Use: Scroll            |       |       |    18 |     7 |    26 |    12 |       ||    63
       Potion            |       |       |     7 |     1 |     5 |     5 |     1 ||    19
Armor: Leather armour    |    16 |    39 |    20 |       |     2 |    34 |       ||   111
       Steam dragon scal |       |       |       |    13 |    14 |       |       ||    27
       Skin              |       |       |       |     1 |       |       |       ||     1
       Robe              |       |       |       |       |    35 |    19 |       ||    54
Dodge: Dodged            |    34 |   103 |    59 |    56 |   114 |   122 |     5 ||   493
Block: Other             |       |       |    17 |    22 |    47 |    35 |     2 ||   123
       Reflection        |       |       |     6 |     1 |    11 |     2 |       ||    20

Table legend: (Time is in decaauts)
 A = Elapsed time spent in this place.
 B = Non-inter-level travel time spent in this place.
 C = Inter-level travel time spent in this place.
 D = Time resting spent in this place.
 E = Time spent auto-exploring this place.
 F = Levels seen in this place.
 G = Mean time per level.
                   A        B        C        D        E       F      G
               +--------+--------+--------+--------+--------+-----+--------+
         Total |  45941 |  42994 |   2947 |  12007 |  21586 |  35 | 1312.6 |
       Dungeon |  21581 |  19663 |   1918 |   4419 |  11100 |  15 | 1438.7 |
        Temple |     44 |     30 |     14 |      0 |     15 |   1 |   44.0 |
          Lair |   7564 |   6990 |    574 |   1558 |   4264 |   5 | 1512.8 |
         Swamp |   4448 |   4295 |    153 |    867 |   2599 |   4 | 1112.0 |
     Snake Pit |   2449 |   2321 |    128 |    682 |   1074 |   3 |  816.3 |
  Orcish Mines |   2135 |   2017 |    118 |    288 |   1086 |   2 | 1067.5 |
   Elven Halls |   1553 |   1513 |     40 |    104 |    917 |   2 |  776.5 |
        Bailey |    730 |    730 |      0 |    516 |     25 |   1 |  730.0 |
      Ice Cave |   3110 |   3110 |      0 |   2452 |    295 |   1 | 3110.0 |
    Desolation |   2323 |   2323 |      0 |   1119 |    207 |   1 | 2323.0 |
               +--------+--------+--------+--------+--------+-----+--------+

Top non-repeatable levels by time:
   IceCv: 3110 daAuts
Desolation: 2323 daAuts
     D:6: 2254 daAuts
  Lair:5: 2239 daAuts
    D:14: 2134 daAuts
     D:5: 1842 daAuts
     D:9: 1688 daAuts
  Lair:1: 1595 daAuts
     D:8: 1514 daAuts
   Elf:1: 1509 daAuts
     D:7: 1509 daAuts
     D:4: 1386 daAuts
 Swamp:1: 1355 daAuts
   Orc:2: 1327 daAuts
     D:3: 1302 daAuts
